 Dungeon Sprint DCSS version 0.24-a0-592-g9a1d66b0e3 (webtiles) character file.

Game seed: 15722132020118746097, levelgen mode: deterministic

523 MordorOrchid the Spear-Bearer (level 7, -13/50 HPs)
             Began as an Octopode Fighter on Sept 8, 2019.
             Was a Believer of Cheibriados.
             Mangled by a vampire (14 damage)
             ... in the Dungeon (Sprint IX: "|||||||||||||||||||||||||||||").
             The game lasted 00:03:34 (442 turns).

MordorOrchid the Spear-Bearer (Octopode Fighter)     Turns: 442, Time: 00:03:34

Health: -13/50     AC:  1    Str: 24    XL:     7   Next: 22%
Magic:  8/10       EV: 17    Int: 19    God:    Cheibriados [**....]
Gold:   0          SH: 12    Dex: 20    Spells: 6/6 levels left

rFire    . . .     SeeInvis .   a - +0 trident
rCold    . . .     Gourm    .   b - +0 shield
rNeg     . . .     Faith    .   (helmet restricted)
rPois    .         Spirit   .   (no amulet)
rElec    .         Reflect  .   q - +3 ring of dexterity
rCorr    .         Harm     .   p - +3 ring of strength
MR       .....     NoTele   +   (no ring)
Stlth    ++++......             (no ring)
HPRegen  0.16/turn              (no ring)
MPRegen  0.12/turn              (no ring)
                                (no ring)
                                (no ring)

@: very slow
A: almost no armour, stealthy swim, amphibious, 8 rings, constrict 8, camouflage
1, gelatinous body 1
a: Bend Time, Renounce Religion


You were in the Dungeon.
You worshipped Cheibriados.
Cheibriados was pleased with you.
You were not hungry.

You visited 1 branch

Inventory:

Hand Weapons
 a - a +0 trident (weapon)
Armour
 b - a +0 shield (worn)
Magical Staves
 o - an uncursed staff of energy
Jewellery
 p - a +3 ring of strength (right tentacle)
 q - a +3 ring of dexterity (left tentacle)
Wands
 n - a wand of iceblast (10)
Scrolls
 j - 2 scrolls of blinking
 l - 3 scrolls of remove curse
 m - 2 scrolls of amnesia
Potions
 c - a potion of might
 e - 5 potions of curing
 f - 2 potions of heal wounds
 h - 4 potions of magic
Comestibles
 d - a ration


   Skills:
 - Level 5.2 Fighting
 * Level 8.6 Polearms
 + Level 7.4 Dodging
 - Level 3.7 Stealth
 + Level 7.2 Shields
 * Level 4.8 Invocations
 * Level 4.7 Evocations


You had 6 spell levels left.
You didn't know any spells.
Your spell library was empty.

Dungeon Overview and Level Annotations

Branches:
Dungeon (1/1)

Altars:
Cheibriados
Dithmenos
Elyvilon
Fedhas
Gozag
Hepliaklqana
Kikubaaqudgha
Makhleb
Nemelex Xobeh
Okawaru
Qazlal
Ru
Sif Muna
Trog
Uskayaw
Vehumet
Wu Jian
Xom
Yredelemnul
Zin
The Shining One
Beogh
Jiyva
Lugonu


Innate Abilities, Weirdness & Mutations

You cannot wear most types of armour.
You are very stealthy in the water. (Stealth+)
You are amphibious.
You can wear up to eight rings at the same time.
You can use your tentacles to constrict eight enemies at once.
Your skin changes colour to match your surroundings (Stealth+).
Your rubbery body absorbs attacks. (AC +1, EV +1)


Message History

You hit the vampire.
The vampire is heavily damaged.
You constrict the vampire.
Your shield prevents you from hitting the vampire.
You squeeze the vampire.
The vampire is severely damaged.
You constrict the vampire.
The vampire is no longer moving slowly.
The vampire mumbles some strange words.
The vampire flickers and vanishes!
Deactivating autopickup; reactivate with Ctrl-A.
The big kobold throws a stone.
You feel much better.
You constrict something.
Unholy energy fills the air.
You barely miss something. You constrict something. Something hits you!
* * * LOW HITPOINT WARNING * * *
Something bites you!
* * * LOW HITPOINT WARNING * * *
Something draws strength from your injuries!
The phantom blinks!
You closely miss something. You constrict something. Something hits you!
You die... ▓▓▓▓▓▓▓▓▓▓▓▓▓▓▓▓▓▓▓▓▓▓▓▓ '...)[[[..†.....@{K{lW.. ▓▓▓▓▓▓▓▓▓▓▓▓▓▓▓▓▓▓▓▓▓▓▓▓

You could see a phantom, a big kobold and an iguana.

Vanquished Creatures
  A black bear (D)
  An orc warrior (D)
  3 phantoms (D)
  A scorpion (D)
  A worker ant (D)
  A worm (D)
  A bat skeleton (D)
  A bat zombie (D)
  3 giant cockroaches (D)
  A hobgoblin (D)
  A bat (D)
  A jackal skeleton (D)
  A kobold (D)
17 creatures vanquished.

Notes
Turn   | Place    | Note
-------+----------+-------------------------------------------
     0 | D        | MordorOrchid the Octopode Fighter began the quest for the
                  | Orb.
     0 | D        | Reached XP level 1. HP: 16/16 MP: 1/1
     6 | D        | Reached skill level 1 in Stealth
    79 | D        | Noticed a worker ant
    79 | D        | Noticed a phantom
    81 | D        | Reached XP level 2. HP: 21/21 MP: 2/2
    86 | D        | Reached skill level 3 in Polearms
    86 | D        | Reached XP level 3. HP: 20/26 MP: 3/3
   115 | D        | Killed a phantom
   115 | D        | Reached skill level 5 in Polearms
   115 | D        | Reached skill level 5 in Dodging
   115 | D        | Reached skill level 5 in Shields
   115 | D        | Reached XP level 4. HP: 5/34 MP: 4/4
   115 | D        | Reached XP level 5. HP: 5/38 MP: 5/5
   118 | D        | Found a roughly hewn altar of Beogh.
   118 | D        | Found a snail-covered altar of Cheibriados.
   118 | D        | Found a shadowy altar of Dithmenos.
   118 | D        | Found a white marble altar of Elyvilon.
   118 | D        | Found a blossoming altar of Fedhas.
   118 | D        | Found an opulent altar of Gozag.
   119 | D        | Found a hazy altar of Hepliaklqana.
   130 | D        | Found a viscous altar of Jiyva.
   131 | D        | Found an ancient bone altar of Kikubaaqudgha.
   132 | D        | Became a worshipper of Cheibriados the Contemplative
   133 | D        | Found a corrupted altar of Lugonu.
   134 | D        | Found a burning altar of Makhleb.
   135 | D        | Found a sparkling altar of Nemelex Xobeh.
   136 | D        | Found an iron altar of Okawaru.
   137 | D        | Found a stormy altar of Qazlal.
   138 | D        | Found a sacrificial altar of Ru.
   139 | D        | Found a shimmering blue altar of Sif Muna.
   140 | D        | Found a bloodstained altar of Trog.
   141 | D        | Found a hide-covered altar of Uskayaw.
   142 | D        | Found a radiant altar of Vehumet.
   143 | D        | Found an ornate altar of the Wu Jian Council.
   144 | D        | Found a shimmering altar of Xom.
   145 | D        | Found a basalt altar of Yredelemnul.
   146 | D        | Found a glowing silver altar of Zin.
   147 | D        | Found a glowing golden altar of the Shining One.
   293 | D        | Noticed a black bear
   293 | D        | Noticed a phantom
   293 | D        | Noticed a phantom
   298 | D        | Killed a black bear
   298 | D        | Reached skill level 5 in Fighting
   298 | D        | Reached skill level 6 in Polearms
   310 | D        | Killed a phantom
   310 | D        | Reached skill level 7 in Polearms
   310 | D        | Reached XP level 6. HP: 40/45 MP: 6/8
   318 | D        | Reached * piety under Cheibriados
   325 | D        | Reached ** piety under Cheibriados
   336 | D        | Killed a phantom
   336 | D        | Reached skill level 8 in Polearms
   336 | D        | Reached XP level 7. HP: 29/50 MP: 8/10
   426 | D        | Noticed a vampire
   441 | D        | HP: 1/50 [something (12)]
   442 | D        | Mangled by a vampire

Levels and vault maps discovered:
D:        linesprint [early_d, line_temple, items_1, d_10, items_2, lair_1,
          lair_end, items_3, orc_1, orc_end, items_4, d_15, swamp_1, shoals_1,
          snake_1, spider_1, d_20, vaults_1, items_5, swamp_end, shoals_end,
          snake_end, spider_end, vaults_end, d_27, items_6, zot_1, zot_end,
          crypt_end, forest_end, elf_end, slime_end, tomb_end, abyss_end,
          pan_hell_end]

Skill      XL: |  1  2  3  4  5  6  7 |
---------------+----------------------+-----
Stealth        | 2 3 |  3.7
Polearms       | 3 5 7 8 |  8.6
Dodging        | 4 5 6 7 |  7.4
Shields        | 4 5 6 7 |  7.2
Fighting       | 4 5 |  5.2
Invocations    | 3 4 |  4.8
Evocations     | 3 4 |  4.7

Action                   |  1- 3 |  4- 6 |  7- 9 || total
-------------------------+-------+-------+-------++-------
Melee: Trident           |    40 |    36 |    14 ||    90
       Tentacles         |     8 |     6 |     6 ||    20
       Constrict         |     6 |     3 |     2 ||    11
Invok: Bend Time         |       |       |     1 ||     1
  Use: Potion            |     1 |     1 |     1 ||     3
 Stab: Sleeping          |     2 |     1 |     1 ||     4
       Invisible         |       |     4 |       ||     4
Armor: Skin              |     1 |       |       ||     1
Dodge: Dodged            |     9 |    12 |     3 ||    24
Block: Shield            |     5 |    11 |     2 ||    18

Table legend:
 A = Non-vault XP
 B = Vault XP
 C = Vault XP percentage of total XP
 D = Non-vault monster count
 E = Vault monster count
 F = Vault count percentage of total count
                 A         B        C        D         E       F
            +---------+---------+-------+---------+---------+-------
      Total |       0 |     748 | 100.0 |       0 |      17 | 100.0
            +---------+---------+-------+---------+---------+-------
          D |       0 |     748 | 100.0 |       0 |      17 | 100.0
            +---------+---------+-------+---------+---------+-------
